Map: Lightshade LE

Players

Lambo

  • Race: Zerg Zerg

Vanya - Winner!

  • Race: Zerg Zerg

Event: DreamHack SC2 Masters 2021 Winter

VOD

Have the link to the VOD?

Description

Time

  • Played on: Oct. 2, 2021, 11:09 a.m.
  • Length: 10:59

All games in this series

Show
View Real Time Build Order
Export as new Build Order

Lambo Zerg 

Build Orders: Hatch First 

Get SALT Encoding   

  12  0:00  Drone  
  13  0:12  Overlord  
  13  0:17  Drone  
  14  0:30  Drone x2  
  16  0:47  Hatchery  
  15  0:50  Drone  
  15  0:53  Drone  
  17  1:07  Spawning Pool  
  17  1:10  Drone  
  17  1:13  Drone  
  17  1:17  Drone, Extractor  
  18  1:28  Drone  
  20  1:54  Zergling x4  
  22  1:58  Queen  
  22  1:59  Zergling x2, Queen  
  27  2:02  Zergling x2  
  28  2:11  Overlord  
  24  2:23  Drone x2  
  23  2:32  Drone x2  
  24  2:40  Drone  
  24  2:41  Drone  
  26  2:45  Drone  
  26  2:48  Extractor  
  26  2:53  Drone  
  26  2:54  Drone  
  28  3:04  Overlord  
  28  3:05  Drone  
  29  3:06  Drone x2  
  29  3:09  Drone  
  29  3:11  Drone  
  33  3:14  Drone  
  33  3:17  Drone  
  35  3:20  Drone  
  35  3:24  Drone  
  37  3:29  Drone x2  
  39  3:39  Drone x4  
  43  3:42  Drone  
  44  3:49  Extractor  
  44  3:51  Evolution Chamber  
  44  3:52  Drone x2  
  44  3:56  Roach Warren  
  44  4:00  Overlord  
  43  4:05  Drone  
  44  4:10  Lair  
  44  4:11  Extractor  
  44  4:12  Drone  
  44  4:14  Overlord  
  44  4:15  Overlord  
  44  4:18  Drone  
  44  4:21  Drone  
  44  4:23  Drone  
  47  4:27  Overlord  
  47  4:33  Zerg Missile Weapons Level 1  
  47  4:37  Drone x2, Hatchery  
  47  4:40  Drone x2  
  47  4:43  Drone  
  50  4:46  Queen  
  50  4:49  Drone  
  50  4:51  Extractor  
  53  4:52  Drone  
  53  4:56  Roach x2  
  53  4:59  Overlord  
  57  5:03  Overlord  
  57  5:05  Roach  
  59  5:08  Glial Reconstitution  
  59  5:11  Roach  
  61  5:20  Overseer  
  61  5:22  Roach x3  
  61  5:25  Overlord  
  67  5:31  Roach x3  
  67  5:34  Roach  
  75  5:39  Overlord  
  75  5:43  Roach x2  
  75  5:45  Overlord  
  75  5:49  Roach x2  
  83  5:52  Overlord  
  83  5:57  Queen  
  83  6:02  Evolution Chamber  
  84  6:06  Drone x3  
  84  6:10  Queen  
  89  6:17  Queen  
  91  6:23  Spore Crawler  
  90  6:30  Zerg Ground Armor Level 1, Spore Crawler  
  90  6:31  Tunneling Claws  
  89  6:32  Queen  
  89  6:35  Spore Crawler  
  89  6:36  Drone  
  89  6:41  Overlord  
  89  6:42  Drone x2  
  89  6:43  Drone  
  89  6:45  Spore Crawler  
  93  6:55  Drone  
  93  6:57  Drone  
  95  7:04  Infestation Pit  
  102  7:08  Roach x4  
  102  7:15  Burrow, Roach x5  
  110  7:18  Overlord  
  110  7:20  Roach  
  112  7:25  Ravager, Overlord  
  112  7:26  Zerg Missile Weapons Level 2  
  113  7:31  Overlord  
  112  7:37  Roach x2  
  112  7:38  Roach  
  112  7:39  Overlord  
  112  7:42  Roach  
  120  7:44  Ravager  
  120  7:45  Ravager x2  
  120  7:49  Roach x2  
  127  7:54  Roach x2  
  127  7:57  Roach x2  
  135  7:59  Drone  
  135  8:01  Overlord  
  135  8:03  Roach  
  138  8:06  Roach x2  
  142  8:13  Drone x3  
  142  8:16  Overlord  
  142  8:18  Overlord  
  145  8:21  Overlord  
  145  8:28  Drone x4  
  145  8:30  Drone  
  145  8:31  Drone  
  151  8:35  Roach x4  
  151  8:37  Drone  
  151  8:38  Extractor  
  158  8:43  Roach  
  158  8:44  Hydralisk Den  
  158  8:47  Roach x3  
  158  8:48  Ravager  
  166  8:51  Drone  
  167  8:56  Overlord  
  167  9:00  Overlord  
  167  9:05  Extractor  
  168  9:10  Roach x2  
  168  9:12  Overlord  
  168  9:14  Overlord  
  168  9:16  Queen  
  172  9:19  Overlord  
  172  9:24  Hydralisk x3, Grooved Spines  
  172  9:25  Hydralisk  
  172  9:30  Roach x3  
  182  9:36  Roach x6  
  181  9:41  Roach  
  181  9:43  Roach x3  
  181  9:45  Roach  
  185  9:48  Roach  
  185  9:50  Roach x2  
  191  9:56  Roach  
  191  9:57  Roach x2  
  197  10:01  Roach  
  199  10:12  Roach x2  
  196  10:19  Roach x7  
  196  10:20  Roach  
  196  10:21  Roach  
  174  10:27  Drone x13, Roach  
  174  10:28  Roach  
  148  10:34  Roach x2  
  140  10:36  Roach  
Show
View Real Time Build Order
Export as new Build Order

Vanya Zerg - Winner!

Build Orders: Pool First 

Get SALT Encoding   

  12  0:17  Spawning Pool  
  11  0:21  Drone  
  11  0:26  Drone  
  13  0:30  Drone  
  14  0:39  Overlord  
  14  1:04  Zergling x6  
  17  1:15  Zergling x2  
  17  1:17  Hatchery  
  17  1:26  Zergling x2  
  17  1:32  Queen  
  18  1:37  Drone  
  21  1:47  Overlord  
  21  1:58  Drone  
  21  2:01  Extractor  
  21  2:08  Queen  
  21  2:10  Drone  
  23  2:23  Drone  
  22  2:32  Queen  
  22  2:34  Drone x2  
  25  2:40  Drone x2  
  25  2:41  Drone  
  28  2:45  Drone  
  28  2:47  Drone  
  30  2:51  Drone  
  30  2:58  Overlord  
  31  3:01  Drone  
  31  3:05  Drone  
  33  3:14  Drone  
  33  3:17  Drone x4  
  38  3:23  Drone x2  
  40  3:27  Overlord  
  40  3:35  Overlord  
  40  3:36  Drone  
  40  3:40  Lair  
  41  3:46  Drone x3  
  43  3:53  Evolution Chamber  
  43  3:55  Drone x3, Extractor  
  45  3:56  Drone  
  45  4:02  Roach Warren  
  44  4:05  Drone x2  
  46  4:17  Drone x2  
  46  4:21  Hatchery  
  47  4:24  Zerg Missile Weapons Level 1  
  47  4:27  Drone x2  
  47  4:28  Extractor  
  47  4:30  Drone  
  49  4:31  Extractor  
  49  4:32  Drone  
  49  4:34  Drone  
  49  4:35  Drone  
  51  4:42  Spire  
  50  4:47  Drone x2  
  50  4:51  Overseer  
  52  4:54  Overlord  
  52  5:02  Overlord x2  
  52  5:04  Glial Reconstitution  
  52  5:14  Drone x4  
  54  5:15  Overlord  
  54  5:18  Roach x2  
  60  5:26  Extractor  
  60  5:28  Drone x3  
  60  5:30  Roach  
  60  5:31  Roach x2  
  68  5:38  Drone x2  
  70  5:45  Extractor  
  70  5:46  Drone  
  70  5:54  Mutalisk x4  
  78  6:02  Roach x5  
  88  6:06  Overlord x2  
  88  6:09  Drone x2  
  90  6:23  Evolution Chamber  
  90  6:24  Roach  
  90  6:25  Roach x6  
  103  6:28  Zerg Missile Weapons Level 2  
  103  6:31  Drone x2  
  106  6:39  Zerg Flyer Weapons Level 1  
  106  6:40  Overlord  
  106  6:48  Overlord  
  106  6:57  Hatchery  
  106  7:00  Drone  
  106  7:01  Drone x7  
  108  7:03  Drone  
  108  7:04  Overlord  
  114  7:09  Mutalisk x2  
  118  7:18  Overlord  
  118  7:19  Overlord  
  118  7:21  Roach  
  118  7:22  Roach  
  122  7:23  Roach x2  
  122  7:25  Ravager x2  
  122  7:26  Ravager  
  122  7:27  Ravager  
  130  7:33  Overlord  
  130  7:38  Roach x6  
  130  7:40  Ravager x4  
  146  7:45  Overlord x2  
  146  7:52  Roach x4  
  146  7:53  Overlord  
  146  7:57  Overseer  
  154  8:00  Spine Crawler  
  154  8:01  Spine Crawler  
  154  8:02  Pneumatized Carapace  
  154  8:05  Drone, Spine Crawler  
  153  8:07  Overseer  
  153  8:12  Roach x3  
  158  8:14  Roach  
  158  8:19  Roach x3  
  166  8:25  Ravager x4  
  166  8:27  Roach x2  
  174  8:28  Overlord  
  174  8:30  Overlord  
  174  8:37  Roach  
  176  8:45  Zerg Ground Armor Level 1  
  176  8:46  Overlord  
  176  8:50  Roach x7  
  190  8:59  Overlord  
  190  9:01  Roach  
  192  9:06  Roach x4  
  196  9:35  Roach x7  
  184  9:48  Roach x10  
  184  9:52  Roach x2  
  197  9:57  Roach  
  197  9:58  Roach  
  197  10:09  Roach x3  
  191  10:15  Roach  
  191  10:16  Roach x3  
  191  10:18  Roach x3  
  189  10:23  Roach x5  
  189  10:28  Roach x3  
  165  10:37  Roach x10  

Tags
 
Add a new tag
Caveats
  • Supply blocks, unpowered buildings, or Contaminate may cause inaccurate times.
  • Supply counts are checked every 10 seconds.